 Dungeon Crawl Stone Soup version 0.27.0-1-g7a089689b8 (webtiles) character file.

Game seed: 17444387059775976701

74 Thatpatchoflichen the Skirmisher (level 4, -6/40 HPs)
             Began as a Hill Orc Fighter on Aug 12, 2021.
             Succumbed to Terence's poison
             ... on level 3 of the Dungeon.
             The game lasted 00:05:19 (2215 turns).

Thatpatchoflichen the Skirmisher (Hill Orc Fighter) Turns: 2215, Time: 00:05:19

Health: -6/40      AC: 10    Str: 24    XL:     4   Next: 28%
Magic:  4/4        EV:  7    Int:  8    God:
Gold:   64         SH: 10    Dex: 11    Spells: 3/3 levels left

rFire    . . .     SeeInvis .   a - +0 war axe
rCold    . . .     Faith    .   c - +0 kite shield
rNeg     . . .     Spirit   .   b - +0 scale mail
rPois    .         Reflect  .   n - +0 helmet
rElec    .         Harm     .   (no cloak)
rCorr    .         Rampage  .   (no gloves)
Will     .....                  f - +1 pair of boots {Stlth+}
Stlth    +.........             (no amulet)
HPRegen  0.13/turn              i - +6 ring of strength
MPRegen  0.09/turn              (no ring)

@: lethally poisoned (-6 -> -28)
A: no striking features
a: no special abilities


You were on level 3 of the Dungeon.
You visited 1 branch of the dungeon, and saw 3 of its levels.

You collected 64 gold pieces.

Inventory:

Hand Weapons
 a - a +0 war axe (weapon)
 r - a +1 falchion of holy wrath
Missiles
 g - 103 stones (quivered)
 h - 4 datura-tipped darts
 p - 20 arrows
Armour
 b - a +0 scale mail (worn)
 c - a +0 kite shield (worn)
 f - a +1 pair of boots of stealth (worn)
 n - a +0 helmet (worn)
 o - a +0 robe of the Archmagi
Jewellery
 i - a +6 ring of strength (left hand)
Scrolls
 l - a scroll of amnesia {unknown}
 q - a scroll of identify {unknown}
Potions
 d - a potion of might
 e - 2 potions of degeneration {unknown}
 j - a potion of heal wounds {unknown}
 k - a potion of mutation {unknown}
 m - a potion of curing {unknown}


   Skills:
 + Level 4.2 Fighting
 + Level 3.8 Axes
 + Level 3.9 Armour
 + Level 3.9 Shields


You had 3 spell levels left.
You didn't know any spells.
Your spell library contained the following spells:

 Spells                   Type           Power      Damage    Failure   Level
 Sting                    Tmut/Pois      0%         1d3       99%         1
 Corpse Rot               Necr/Air       N/A        N/A       100%        2
 Poisonous Vapours        Pois/Air       0%         N/A       100%        2
 Olgreb's Toxic Radiance  Pois           0%         N/A       100%        4
 Freezing Cloud           Conj/Ice/Air   0%         6-21      100%        5


Dungeon Overview and Level Annotations

Branches:
Dungeon (3/15)

Altars:

Annotations:
D:3 Terence


Message History

You slash the orc!
You kill the orc!
Things that are here:
a +1 falchion of holy wrath; a +0 leather armour
r - a +1 falchion of holy wrath You now have 64 gold pieces (gained 11).
Found a stone staircase leading down.
A bat comes into view.
A bat is nearby!
You hit the bat.
You kill the bat!
Terence the Incautious comes into view.
He is wielding a +2 short sword of venom.
Terence hits you with a +2 short sword of venom.
You are poisoned.
You hit Terence but do no damage.
You feel very sick. Terence hits you but does no damage.
You barely miss Terence.
You feel sick. Terence hits you but does no damage.
You are more poisoned.
Terence hits you with a +2 short sword of venom.
You are more poisoned.
You hit Terence but do no damage.
You feel extremely sick. You block Terence's attack.
You slash Terence!
Terence is heavily wounded.
You feel very sick.
Terence hits you with a +2 short sword of venom.
You are lethally poisoned!
Terence hits you with a +2 short sword of venom.
* * * LOW HITPOINT WARNING * * *
You are more poisoned.
You barely miss Terence.
Terence is heavily wounded.
* * * LOW HITPOINT WARNING * * *
You feel extremely sick. You block Terence's attack.
You hit Terence.
Terence is severely wounded.
You die...
P

♣♣ ♣P# .♣.♣♣P..#
#P.....# .......
#..♣.♣ ####....
#.##@.♣ #.##@.# #.#
###### #..#..# #.#
#..... #..#..# #.#
#.#### #..#..#
#.#####.###. #.....#
#.#.......#. #...#.#
#.#.###.#.#. ##....#
#.#.# #.#.#.
###.#.####.#.###...#.
#....................


You could see Terence.

Vanquished Creatures
  Jessica (D:2)
  An adder (D:2)
  A dart slug (D:2)
  An orc (D:3)
  A ball python (D:1)
  A giant cockroach (D:2)
  5 goblins
  4 hobgoblins
  4 jackals (D:1)
  A kobold (D:1)
  3 quokkas
  4 bats
  2 frilled lizards (D:1)
  5 rats
34 creatures vanquished.

Notes
Turn   | Place    | Note
-------+----------+-------------------------------------------
     0 | D:1      | Thatpatchoflichen the Hill Orc Fighter began the quest for
                  | the Orb.
     0 | D:1      | Reached XP level 1. HP: 19/19 MP: 1/1
   247 | D:1      | Reached XP level 2. HP: 16/27 MP: 2/2
   820 | D:1      | Found a faded altar of an unknown god.
  1118 | D:2      | Reached skill level 4 in Fighting
  1118 | D:2      | Reached XP level 3. HP: 32/33 MP: 3/3
  1236 | D:2      | Noticed Jessica
  1245 | D:2      | Killed Jessica
  1612 | D:2      | Reached XP level 4. HP: 40/40 MP: 4/4
  2206 | D:3      | Noticed Terence
  2214 | D:3      | HP: 1/40 [poisoned by Terence]
  2215 | D:3      | Succumbed to Terence's poison

Illustrated notes

Levels and vault maps discovered:
D:1:      amcnicky_arrival_double_pillar, layout_basic,
          shapermc_ecumenical_altar_hornbeckon, hangedman_glass_teeth
D:2:      layout_loops_cross, uniq_jessica
D:3:      layout_basic, serial_forest, infiniplex_forest_corner_1,
          infiniplex_forest_clump_small, infiniplex_forest_zigzag_1,
          infiniplex_forest_lined_2, infiniplex_forest_clump_curved,
          infiniplex_forest_clump_tiny, infiniplex_forest_straight_5,
          minmay_fractal_squares_diagonal_5, uniq_terence,
          uniq_crazy_yiuf_cottage

Skill      XL: |  1  2 |
---------------+-------+-----
Axes           | 3 |  3.8
Fighting       | 4 |  4.2
Armour         | |  3.9
Shields        | |  3.9

Action                   |  1- 3 |  4- 6 || total
-------------------------+-------+-------++-------
Melee: War axe           |    68 |    30 ||    98
Armor: Scale mail        |    62 |    14 ||    76
Dodge: Dodged            |    33 |     7 ||    40
Block: Kite shield       |    69 |    17 ||    86
